 Dungeon Crawl Stone Soup version 0.29-a0-330-g52719c12eb (webtiles) character file.

Game seed: 7403839958549262287

66 kae the Gusty (level 4, 0/39 HPs)
             Began as an Ogre Air Elementalist on Apr 13, 2022.
             Slain by a black bear (5 damage)
             ... on level 3 of the Dungeon.
             The game lasted 00:02:51 (2909 turns).

kae the Gusty (Ogre Air Elementalist)               Turns: 2909, Time: 00:02:52

Health: 0/39       AC:  4    Str: 12    XL:     4   Next: 15%
Magic:  0/8        EV:  9    Int: 24    God:
Gold:   166        SH:  0    Dex:  9    Spells: 3/9 levels left

rFire   . . .      SeeInvis .   f - +2 dagger (holy)
rCold   + . .      Faith    .   (no shield)
rNeg    . . .      Spirit   +   a - +1 robe
rPois   .          Reflect  .   (helmet restricted)
rElec   .          Harm     .   (no cloak)
rCorr   .          Rampage  .   (gloves unavailable)
Will    .....                   (boots unavailable)
Stlth   +.........              c - amulet of guardian spirit
HPRegen 0.13/turn               r - +6 ring of intelligence
MPRegen 0.11/turn               s - ring of protection from cold

@: no status effects
A: large, unfitting armour, tough skin 1
a: no special abilities


You were on level 3 of the Dungeon.
You visited 1 branch of the dungeon, and saw 4 of its levels.

You collected 166 gold pieces.

Inventory:

Hand Weapons
 f - a +2 dagger of holy wrath (weapon)
Armour
 a - a +1 robe (worn)
Jewellery
 c - an amulet of guardian spirit (around neck)
 r - a +6 ring of intelligence (left hand)
 s - a ring of protection from cold (right hand)
Wands
 d - a wand of flame (7)
Scrolls
 i - a scroll of acquirement {unknown}
 m - a scroll of blinking
 n - a scroll of identify
Potions
 b - a potion of magic
 e - a potion of might
 g - a potion of invisibility {unknown}
 h - 3 potions of curing
 j - a potion of mutation
 k - 2 potions of berserk rage {unknown}
 l - a potion of degeneration {unknown}
 q - a potion of flight {unknown}


   Skills:
 - Level 1.7 Dodging
 - Level 1.4 Stealth
 + Level 3.1 Spellcasting
 + Level 1.7 Conjurations
 * Level 3.7 Air Magic


You had 3 spell levels left.
You knew the following spells:

 Your Spells              Type           Power      Damage    Failure   Level
a - Shock                 Conj/Air       68%        1d7       3%          1
b - Static Discharge      Conj/Air       17%        N/A       5%          2
c - Swiftness             Air            21%        N/A       7%          3

Your spell library contained the following spells:

 Spells                   Type           Power      Damage    Failure   Level
 Foxfire                  Conj/Fire      32%        2x1d5     8%          1
 Conjure Flame            Conj/Fire      8%         6-21      22%         3
 Dazzling Flash           Conj/Hex       16%        N/A       22%         3
 Inner Flame              Hex/Fire       3%         N/A       32%         3
 Airstrike                Air            10%        N/A       22%         4
 Flame Wave               Conj/Fire      8%         2d5       58%         4
 Silence                  Hex/Air        6%         N/A       80%         5
 Agony                    Necr           3%         N/A       96%         5


Dungeon Overview and Level Annotations

Branches:
Dungeon (4/15)
 Temple: D:4-7

Altars:
Nemelex Xobeh
Xom

Annotations:
D:3 exclusion: centaur


Innate Abilities, Weirdness & Mutations

You are too large for most types of armour.
You have tough skin. (AC +1)


Message History

Press: ? - help, Shift-Dir - straight line, f/p - black bear
Aim: a black bear (lightly wounded, 79% to hit)
The zap hits the black bear.
The black bear is moderately wounded.
Casting: Shock (safe; 3% risk of failure)
Confirm with . or Enter, or press ? or * to list all spells.
Aiming: Shock (safe; 3% risk of failure)
Press: ? - help, Shift-Dir - straight line, f/p - black bear
Aim: a black bear (moderately wounded, 79% to hit)
The zap hits the black bear.
The black bear is heavily wounded.
The black bear bites you.
The black bear claws you but does no damage.
The black bear closely misses you.
You climb upwards.
Level annotation: exclusion: centaur
There is a stone staircase leading down here.
Casting: Shock (safe; 3% risk of failure)
Confirm with . or Enter, or press ? or * to list all spells.
The black bear is struck by an arc of lightning!
The black bear is severely wounded.
You are struck by an arc of lightning.
The black bear is struck by an arc of lightning.
The black bear is almost dead.
The lightning grounds out.
The black bear goes berserk!
The black bear bites you. The black bear claws you. x2
Casting: Static Discharge (safe; 5% risk of failure)
Confirm with . or Enter, or press ? or * to list all spells.
You don't have enough magic to cast this spell.
Casting: Static Discharge (safe; 5% risk of failure)
Confirm with . or Enter, or press ? or * to list all spells.
You don't have enough magic to cast this spell.
You hit the black bear but do no damage.
The black bear is almost dead.
The black bear bites you! The black bear claws you.
The black bear claws you but does no damage.
The black bear bites you!
* * * LOW HITPOINT WARNING * * *
The black bear claws you.
You die...

#.#............#......#
............)..#......#
......................#
...............#......#
............<.........#
.>......)......##.#####
#######....#.####..###
.................#...###
######........##@h.....#
#........###......#
########## #......#
#......# ########


You could see a black bear (berserk).

Vanquished Creatures
  An adder (D:2)
  A worm (D:2)
  A dart slug (D:2)
  An orc (D:3)
  7 endoplasms
  2 giant cockroaches (D:2)
  4 goblins
  7 hobgoblins
  2 quokkas
  5 ball pythons
  5 bats
  4 frilled lizards
  4 kobolds
  3 rats
47 creatures vanquished.

Notes
Turn   | Place    | Note
-------+----------+-------------------------------------------
     0 | D:1      | kae the Ogre Air Elementalist began the quest for the Orb.
     0 | D:1      | Reached XP level 1. HP: 16/16 MP: 3/3
    91 | D:1      | Reached skill level 1 in Conjurations
   253 | D:1      | Reached XP level 2. HP: 24/24 MP: 2/5
   308 | D:1      | Learned a level 2 spell: Static Discharge
   667 | D:1      | Found a faded altar of an unknown god.
  1086 | D:2      | Reached XP level 3. HP: 31/31 MP: 1/7
  1090 | D:2      | Learned a level 3 spell: Swiftness
  1387 | D:2      | Found a shimmering altar of Xom.
  2138 | D:3      | Reached XP level 4. HP: 39/39 MP: 6/8
  2290 | D:3      | Found a sparkling altar of Nemelex Xobeh.
  2378 | D:3      | Noticed a centaur
  2883 | D:4      | Noticed a black bear
  2909 | D:3      | Slain by a black bear

Illustrated notes

Levels and vault maps discovered:
D:1:      co_arrival_square_in_a_square_in_a_square, layout_basic,
          hellmonk_ecumenical_altar_heavens_door
D:2:      minmay_spotlight, layout_rooms, basic_altar
D:3:      layout_rooms, nemelex_spade_bored_becter
D:4:      layout_basic, kennysheep_cross_bottleneck,
          hangedman_abyss_or_decor_jellyfish_corner

Skill      XL: |  1  2  3 |
---------------+----------+-----
Conjurations   | 1 |  1.7
Air Magic      | 3 |  3.7
Spellcasting   | 3 |  3.1
Dodging        | |  1.7
Stealth        | |  1.4

Action                   |  1- 3 |  4- 6 || total
-------------------------+-------+-------++-------
Melee: Unarmed           |     1 |       ||     1
       Dagger            |    18 |     5 ||    23
 Cast: Shock             |    81 |    19 ||   100
       Static Discharge  |       |     1 ||     1
  Use: Scroll            |     9 |     2 ||    11
Armor: Robe              |     8 |     6 ||    14
Dodge: Dodged            |    22 |     4 ||    26

Table legend: (Time is in decaauts)
 A = Elapsed time spent in this place.
 B = Non-inter-level travel time spent in this place.
 C = Inter-level travel time spent in this place.
 D = Time resting spent in this place.
 E = Time spent auto-exploring this place.
 F = Levels seen in this place.
 G = Mean time per level.
                   A        B        C        D        E       F      G
               +--------+--------+--------+--------+--------+-----+--------+
         Total |   2909 |   2806 |    103 |    261 |   2230 |   4 |  727.2 |
       Dungeon |   2909 |   2806 |    103 |    261 |   2230 |   4 |  727.2 |
               +--------+--------+--------+--------+--------+-----+--------+

Top non-repeatable levels by time:
     D:1: 1025 daAuts
     D:2: 960 daAuts
     D:3: 715 daAuts
     D:4: 207 daAuts
